[Event "Titled Tuesday Blitz September 13 Early 2022"]
[White "Kevlishvili, Robby"]
[Black "Sarana, Alexey"]
[WhiteFideId "1040634"]
[BlackFideId "24133795"]
[WhiteElo "2585"]
[BlackElo "2689"]
[Result "1-0"]
[Round "05"]
[TimeControl "180+1"]
[Date "2022.09.13"]
[WhiteClock "0:00:08"]
[BlackClock "0:00:03"]

1. e4 c5 2. Nf3 d6 3. d4 cxd4 4. Nxd4 Nf6 5. Nc3 a6 6. h4 g6 7. h5 Nxh5 8. Rxh5 gxh5 9. Qxh5 Nc6 10. Be3 Qa5 11. Qh4 Bg7 12. O-O-O Bf6 13. Qh2 Nxd4 14. Bxd4 Bxd4 15. Rxd4 Qe5 16. Qxe5 dxe5 17. Rb4 b5 18. a4 bxa4 19. Nxa4 a5 20. Rb3 Be6 21. Rb6 Kd8 22. Nc5 Bc8 23. Rh6 e6 24. Nd3 Bd7 25. Nxe5 Be8 26. g4 a4 27. f4 a3 28. bxa3 Rxa3 29. Bd3 Ra1+ 30. Kd2 Rg1 31. g5 Ke7 32. Ke3 Kf8 33. Kf2 Rc1 34. Ng4 Ba4 35. Ne3 Ra1 36. Kf3 Rg1 37. Ng4 Kg7 38. f5 exf5 39. exf5 Bd7 40. Ne5 Be8 41. f6+ Kf8 42. Kf4 Rg2 43. Rh1 Rg8 44. Ra1 R2xg5 45. Ra8 Rxe5 46. Kxe5 Rg5+ 47. Kf4 Rc5 48. Bxh7 Rc6 49. Ke5 Rc5+ 50. Kf4 Rc6 51. Kg5 Rc3 52. Bd3 Rc5+ 53. Kf4 Rc6 54. Kg5 Rc5+ 55. Bf5 Rc3 56. Bd7 Rc5+ 57. Kf4 Kg8 58. Rxe8+ Kh7 59. Bf5+ Kh6 60. Rh8# 1-0


[Site "https://www.chess.com"]

[Event "Titled Tuesday Blitz September 13 Early 2022"]
[White "Korchmar, Vasiliy"]
[Black "Shimanov, Aleksandr"]
[WhiteFideId "24131750"]
[BlackFideId "4198603"]
[WhiteElo "2370"]
[BlackElo "2605"]
[Result "0-1"]
[Round "05"]
[TimeControl "180+1"]
[Date "2022.09.13"]
[WhiteClock "0:00:09"]
[BlackClock "0:01:52"]

1. e4 d5 2. exd5 Qxd5 3. Nc3 Qe5+ 4. Be2 Bg4 5. d4 Bxe2 6. Ngxe2 Qa5 7. O-O Nf6 8. b4 Qh5 9. Bf4 e6 10. d5 Bxb4 11. dxe6 O-O 12. exf7+ Qxf7 13. Be5 Nbd7 14. Rb1 Nxe5 15. Rxb4 b6 16. Rd4 Rae8 17. Nf4 c5 18. Rd3 Nxd3 19. Nxd3 Ne4 20. Nb5 c4 21. Nb4 Nxf2 22. Qa1 Re2 0-1


[Site "https://www.chess.com"]

[Event "Titled Tuesday Blitz September 13 Early 2022"]
[White "Koustav, Chatterjee"]
[Black "Svane, Rasmus"]
[WhiteFideId "25073060"]
[BlackFideId "4657101"]
[WhiteElo "2196"]
[BlackElo "2674"]
[Result "1-0"]
[Round "05"]
[TimeControl "180+1"]
[Date "2022.09.13"]
[WhiteClock "0:00:17"]
[BlackClock "0:00:04"]

1. d4 d5 2. Nf3 e6 3. Bf4 Bd6 4. e3 Bxf4 5. exf4 Qd6 6. Qd2 Ne7 7. Nc3 b6 8. O-O-O O-O 9. h4 c5 10. h5 c4 11. Ne5 f6 12. Ng4 a6 13. h6 g6 14. g3 b5 15. Re1 Bd7 16. Bg2 b4 17. Nd1 c3 18. Qd3 cxb2+ 19. Nxb2 Nbc6 20. Ne3 Na7 21. f5 gxf5 22. g4 f4 23. Nf1 Rac8 24. g5 Ba4 25. Nxa4 f5 26. Nd2 Nb5 27. Nb3 Rc4 28. Qe2 Rfc8 29. Nac5 Nxd4 30. Nxd4 R8xc5 31. Qxe6+ Qxe6 32. Rxe6 Kf7 33. Rhe1 Rc7 34. Rxe7+ Rxe7 35. Bxd5+ Kf8 36. Rxe7 Rxd4 37. Re5 f3 38. Rxf5+ Ke7 39. Bb3 a5 40. Rf7+ Kd6 41. Rxh7 Rh4 42. Rg7 Ke5 43. Kb2 a4 44. Bxa4 Kd4 45. Bb3 Rh2 46. h7 Kc5 47. g6 Kb6 48. Rg8 Ka5 49. h8=Q Rh7 50. gxh7 Kb6 51. Qf6+ 1-0


[Site "https://www.chess.com"]

[Event "Titled Tuesday Blitz September 13 Early 2022"]
[White "Le, Tuan Minh"]
[Black "Kosakowski, Jakub"]
[WhiteFideId "12401153"]
[BlackFideId "1185080"]
[WhiteElo "2530"]
[BlackElo "2453"]
[Result "1-0"]
[Round "05"]
[TimeControl "180+1"]
[Date "2022.09.13"]
[WhiteClock "0:00:06"]
[BlackClock "0:00:02"]

1. d4 Nf6 2. Nf3 e6 3. Bf4 b6 4. e3 Bb7 5. Bd3 Be7 6. O-O d6 7. h3 Nbd7 8. Bh2 O-O 9. c4 Re8 10. Nc3 Bf8 11. Rc1 e5 12. Bb1 a6 13. b4 exd4 14. exd4 a5 15. b5 d5 16. Nxd5 Nxd5 17. cxd5 Rc8 18. Qc2 Nf6 19. Be5 g6 20. a4 Nxd5 21. Rfe1 Nb4 22. Qc3 Bd6 23. Nh2 f6 24. Bxd6 Qxd6 25. Ng4 Kg7 26. Rxe8 Rxe8 27. Qxc7+ Qe7 28. Qxb6 Nd5 29. Qxa5 h5 30. Nh2 Qa3 31. Qd2 g5 32. Nf1 Nf4 33. Rc7+ Re7 34. Rxe7+ Qxe7 35. Ne3 Qa3 36. d5 Qa1 37. Qc2 Kf8 38. d6 Qd4 39. Qd1 Qb6 40. d7 Ke7 41. d8=Q+ Qxd8 42. Nf5+ Ke8 43. Qxd8+ Kxd8 44. Ne3 Ne2+ 45. Kf1 Nc3 46. Bc2 Kc7 47. Ke1 Kb6 48. Kd2 Na2 49. g4 h4 50. Bb3 Nb4 51. Kc3 Kc5 52. Bc4 Bf3 53. a5 1-0


[Site "https://www.chess.com"]

[Event "Titled Tuesday Blitz September 13 Early 2022"]
[White "Lenderman, Aleksandr"]
[Black "Kosteniuk, Alexandra"]
[WhiteFideId "2021285"]
[BlackFideId "4128125"]
[WhiteElo "2607"]
[BlackElo "2469"]
[Result "1-0"]
[Round "05"]
[TimeControl "180+1"]
[Date "2022.09.13"]
[WhiteClock "0:01:16"]
[BlackClock "0:00:02"]

1. e4 e5 2. Nf3 Nf6 3. Nxe5 d6 4. Nf3 Nxe4 5. d3 Nf6 6. d4 g6 7. Bd3 Bg7 8. O-O O-O 9. Re1 Re8 10. c3 Nbd7 11. Bf4 Nf8 12. Nbd2 Ne6 13. Bg3 Nh5 14. Bh4 Qd7 15. Ne4 d5 16. Neg5 Nxg5 17. Bxg5 h6 18. Bd2 Rxe1+ 19. Qxe1 Qe6 20. Qc1 Kh7 21. Qc2 Qd6 22. Re1 Nf4 23. Bxf4 Qxf4 24. Re8 b6 25. h4 Bb7 26. Rxa8 Bxa8 27. h5 Qg4 28. hxg6+ fxg6 29. Qe2 Bc6 30. g3 Bf6 31. Qe3 Bd7 32. Ne5 Bxe5 33. Qxe5 Qd1+ 34. Kg2 Qxd3 35. Qe7+ Kg8 36. Qd8+ Kf7 37. Qxd7+ Kf6 38. Qc6+ Ke7 39. Qxc7+ Kf8 40. Qd6+ Kg7 41. Qe5+ Kh7 42. Qxd5 Qc2 43. Qb7+ Kg8 44. Qb8+ Kf7 45. Qxa7+ Kg8 46. Qb8+ Kg7 47. Qb7+ Kg8 48. Qc6 Kg7 49. Qd7+ Kg8 50. Qe6+ Kg7 51. d5 1-0


[Site "https://www.chess.com"]

[Event "Titled Tuesday Blitz September 13 Early 2022"]
[White "Livaic, Leon"]
[Black "Barrientos, Sergio E"]
[WhiteFideId "14531534"]
[BlackFideId "4401824"]
[WhiteElo "2540"]
[BlackElo "2397"]
[Result "1-0"]
[Round "05"]
[TimeControl "180+1"]
[Date "2022.09.13"]
[WhiteClock "0:01:42"]
[BlackClock "0:01:33"]

1. d4 Nf6 2. c4 e6 3. Nf3 b6 4. Bf4 Bb7 5. e3 g6 6. Nc3 Bg7 7. h3 O-O 8. Be2 d6 9. O-O Nbd7 10. Bh2 a6 11. Qc2 Qe7 12. Rfd1 e5 13. dxe5 dxe5 14. Nd5 Nxd5 15. cxd5 Rfc8 16. Rac1 a5 17. Bb5 Nc5 18. e4 Rd8 19. Bg3 Rac8 20. a3 f6 21. b4 axb4 22. axb4 Nd7 23. Qb3 Kh8 24. Bc6 Bxc6 25. Rxc6 Bf8 26. Rdc1 Nb8 27. Rxf6 Qxf6 28. Bxe5 Bg7 29. Bxf6 Bxf6 30. e5 Bg7 31. d6 cxd6 32. Rxc8 Rxc8 33. exd6 Rd8 34. Ng5 1-0


[Site "https://www.chess.com"]

[Event "Titled Tuesday Blitz September 13 Early 2022"]
[White "Makarian, Rudik"]
[Black "Bortnyk, Olexandr"]
[WhiteFideId "44105681"]
[BlackFideId "14120828"]
[WhiteElo "2410"]
[BlackElo "2723"]
[Result "1-0"]
[Round "05"]
[TimeControl "180+1"]
[Date "2022.09.13"]
[WhiteClock "0:00:19"]
[BlackClock "0:00:01"]

1. d4 d6 2. Nf3 Nf6 3. c4 g6 4. Nc3 Bf5 5. g3 Bg7 6. Nh4 Bd7 7. Bg2 Nc6 8. Nf3 Qc8 9. h4 O-O 10. Bf4 Re8 11. d5 Na5 12. Qd3 c5 13. Nd2 h5 14. O-O Ng4 15. b3 a6 16. a4 Qc7 17. Rab1 b5 18. axb5 axb5 19. Nxb5 Qb6 20. Bf3 Ne5 21. Bxe5 Bxe5 22. b4 cxb4 23. Rxb4 Bxg3 24. Bxh5 Bxh4 25. Bxg6 Bf6 26. Bxf7+ Kxf7 27. Qh7+ Bg7 28. c5 Nc4 29. Rxc4 dxc5 30. Rf4+ Qf6 31. Rxf6+ exf6 32. Nd6+ Kf8 33. Nxe8 Rxe8 34. Ne4 Re5 35. Ng3 Be8 36. Qc2 Rxd5 37. Rd1 1-0


[Site "https://www.chess.com"]

[Event "Titled Tuesday Blitz September 13 Early 2022"]
[White "Maksimovic, Bojan"]
[Black "Piesik, Piotr"]
[WhiteFideId "14408120"]
[BlackFideId "1136194"]
[WhiteElo "2447"]
[BlackElo "2221"]
[Result "1-0"]
[Round "05"]
[TimeControl "180+1"]
[Date "2022.09.13"]
[WhiteClock "0:00:04"]
[BlackClock "0:00:02"]

1. e4 g6 2. d4 Bg7 3. Nc3 c6 4. Nf3 d6 5. Bg5 Nf6 6. Qd2 O-O 7. Bh6 Nbd7 8. Be2 e5 9. O-O-O Qe7 10. Bxg7 Kxg7 11. h4 h5 12. Ng5 Nh7 13. f4 exf4 14. Qxf4 Ndf6 15. Nxh7 Kxh7 16. Rhf1 Ng4 17. g3 Bd7 18. Bxg4 Bxg4 19. Rde1 Rae8 20. e5 d5 21. Qf6 Qxf6 22. Rxf6 Re6 23. Ref1 Bf5 24. Rxe6 fxe6 25. Ne2 Kh6 26. Nf4 Bg4 27. Rh1 g5 28. hxg5+ Kxg5 29. Rxh5+ Bxh5 30. Nxe6+ Kg4 31. Nxf8 Kxg3 32. Nd7 Kf4 33. Kd2 Bg4 34. Nc5 b6 35. Nd3+ Kf5 36. Ke3 Bh5 37. c3 Be8 38. Nb4 Bd7 39. Kf3 Be8 40. Nc2 Bh5+ 41. Ke3 c5 42. Kd3 Bg6 43. Ke3 Kg5 44. Ne1 Kf5 45. Nd3 Bf7 46. b4 cxb4 47. Nxb4 a5 48. Nd3 Bh5 49. Nb2 Be8 50. c4 Bc6 51. Kd3 Ke6 52. Nd1 dxc4+ 53. Kxc4 Bd5+ 54. Kb5 Bxa2 55. Nc3 Bb3 56. Kxb6 a4 57. Nb5 Kd5 58. Ka5 Bc2 59. Kb4 Bb3 60. Ka3 Bc2 61. Kb4 Bb3 62. Kc3 Kc6 63. Na3 Kd5 64. Kd3 Ba2 65. Kc3 Bb3 66. Nb5 Kc6 67. Nd6 Kd5 68. Nf5 Ke6 69. Ne3 Ba2 70. Kb4 Bb3 71. Ka3 Kd7 72. Kb2 Ke6 73. Kc3 Kd7 74. d5 Ke7 75. d6+ Ke6 76. Nc4 Bd1 77. Kb4 Bb3 78. Nb6 1-0


[Site "https://www.chess.com"]

[Event "Titled Tuesday Blitz September 13 Early 2022"]
[White "Malek, Jan"]
[Black "Demchenko, Anton"]
[WhiteFideId "21864080"]
[BlackFideId "4160258"]
[WhiteElo "2172"]
[BlackElo "2539"]
[Result "1-0"]
[Round "05"]
[TimeControl "180+1"]
[Date "2022.09.13"]
[WhiteClock "0:00:10"]
[BlackClock "0:00:09"]

1. b3 g6 2. Bb2 Nf6 3. Bxf6 exf6 4. c4 d5 5. cxd5 Qxd5 6. Nc3 Qd8 7. e3 c6 8. h4 h5 9. Nf3 Ba3 10. Bc4 Nd7 11. b4 Bxb4 12. Bxf7+ Kxf7 13. Qb3+ Kf8 14. Qxb4+ Qe7 15. Qb2 Nc5 16. O-O Bg4 17. d4 Bxf3 18. gxf3 Ne6 19. Rab1 Rh7 20. Kg2 Kg8 21. Qb3 Kh8 22. f4 Rg8 23. Rh1 Qd7 24. Ne4 Rf7 25. Rh3 Ng7 26. Nc5 Qe8 27. Nxb7 Nf5 28. Nc5 Re7 29. Rbh1 Qc8 30. Qd3 Rd8 31. Kh2 Qc7 32. Rg1 Kh7 33. Ne4 Re6 34. Ng3 Nxg3 35. Rhxg3 f5 36. Rg5 Qf7 37. Qb3 Qe7 38. Qd1 Rf6 39. Qf3 Rh8 40. Rxg6 1-0


[Site "https://www.chess.com"]

[Event "Titled Tuesday Blitz September 13 Early 2022"]
[White "Martinez Alcantara, Jose Eduardo"]
[Black "Pap, Gyula"]
[WhiteFideId "3805662"]
[BlackFideId "725323"]
[WhiteElo "2703"]
[BlackElo "2519"]
[Result "1-0"]
[Round "05"]
[TimeControl "180+1"]
[Date "2022.09.13"]
[WhiteClock "0:01:15"]
[BlackClock "0:00:01"]

1. e4 c6 2. d4 d5 3. e5 Bf5 4. h4 Qc7 5. Nc3 h6 6. g4 Bd7 7. Be3 h5 8. g5 g6 9. Bd3 Qc8 10. Nge2 Bf5 11. Ng3 Bxd3 12. Qxd3 e6 13. Nce2 Nd7 14. O-O Ne7 15. b3 Bg7 16. c4 Qd8 17. Rac1 Qa5 18. Bd2 Qa6 19. Qe3 c5 20. f4 cxd4 21. Nxd4 O-O 22. Bb4 Rfe8 23. Bxe7 Rxe7 24. cxd5 exd5 25. Rc2 Rae8 26. Qf2 Qd3 27. Rd2 Qa6 28. Nf3 b6 29. Rfd1 Nc5 30. Rxd5 Ne6 31. Nd4 Nc7 32. Rd6 Bf8 33. Nc6 Re6 34. Rxe6 Nxe6 35. Ne4 Qb7 36. Nf6+ Kh8 37. Nxe8 Bc5 38. Nd4 Nxd4 39. Rxd4 Qa6 40. Nf6 1-0


[Site "https://www.chess.com"]

[Event "Titled Tuesday Blitz September 13 Early 2022"]
[White "Milikow, Yoav"]
[Black "Xiong, Jeffery"]
[WhiteFideId "2822237"]
[BlackFideId "2047640"]
[WhiteElo "2341"]
[BlackElo "2714"]
[Result "0-1"]
[Round "05"]
[TimeControl "180+1"]
[Date "2022.09.13"]
[WhiteClock "0:00:02"]
[BlackClock "0:00:07"]

1. d4 d5 2. c4 e6 3. Nc3 Nf6 4. cxd5 exd5 5. Bg5 c6 6. e3 Bd6 7. Bd3 O-O 8. Nge2 Re8 9. Qc2 h6 10. Bh4 a5 11. Bg3 Na6 12. a3 Nc7 13. O-O Bxg3 14. Nxg3 h5 15. Rae1 h4 16. Nf5 h3 17. f3 Bxf5 18. Bxf5 hxg2 19. Qxg2 Qd6 20. Kh1 g6 21. Rg1 Nh5 22. e4 Qf6 23. Bg4 Nf4 24. Qg3 Nfe6 25. Ne2 dxe4 26. fxe4 Rad8 27. Ref1 Qg7 28. h4 Qh6 29. h5 Nb5 30. Qf2 Ng5 31. e5 c5 32. dxc5 Rxe5 33. Nf4 Rd4 34. Qh2 Rxc5 35. hxg6 Qxh2+ 36. Kxh2 fxg6 37. Nxg6 Rc2+ 38. Kh1 Kg7 39. Ne7 Rdd2 40. Nf5+ Kg6 41. Rg3 Rxb2 42. Ne7+ Kg7 43. Bd7 Kh6 44. Rf6+ Kg7 45. Rf5 Rb1+ 46. Rg1 Rxg1+ 47. Kxg1 Nh3+ 48. Kf1 Rxd7 49. Rxb5 Rxe7 0-1


[Site "https://www.chess.com"]

[Event "Titled Tuesday Blitz September 13 Early 2022"]
[White "Molina, Roberto Junio Brito"]
[Black "Bacrot, Etienne"]
[WhiteFideId "2109450"]
[BlackFideId "605506"]
[WhiteElo "2403"]
[BlackElo "2666"]
[Result "0-1"]
[Round "05"]
[TimeControl "180+1"]
[Date "2022.09.13"]
[WhiteClock "0:00:05"]
[BlackClock "0:00:12"]

1. d4 Nf6 2. e3 d5 3. Nf3 g6 4. Be2 Bg7 5. O-O O-O 6. b4 b6 7. Bb2 Bb7 8. a4 Nbd7 9. c4 dxc4 10. Bxc4 e6 11. Nbd2 Qe7 12. b5 Rfd8 13. Ba3 Qe8 14. Qb3 c5 15. bxc6 Bxc6 16. Rfc1 Bb7 17. a5 Rdc8 18. a6 Bc6 19. Rc2 Ne4 20. Rac1 Ndf6 21. Qb1 Ba4 22. Rb2 b5 23. Bd3 Nc3 24. Qa1 Nfd5 25. Ne4 b4 26. Nxc3 bxa3 27. Rbb1 Nxc3 28. Rxc3 Rxc3 29. Qxc3 Bf8 30. Ne5 Rc8 31. Qa5 a2 32. Ra1 Bb3 33. h3 Qe7 34. Qd2 Qa3 35. Be4 Bb4 36. Qe2 Rc1+ 37. Rxc1 Qxc1+ 38. Kh2 a1=Q 39. Qb5 Qc8 40. Bb7 Qb8 41. Qd7 Qf8 42. f4 Bd6 43. Ng4 Kg7 44. d5 Bxd5 45. Bxd5 exd5 46. h4 Qe7 0-1


[Site "https://www.chess.com"]

[Event "Titled Tuesday Blitz September 13 Early 2022"]
[White "Paravyan, David"]
[Black "Visakh N R"]
[WhiteFideId "4194985"]
[BlackFideId "25012223"]
[WhiteElo "2555"]
[BlackElo "2448"]
[Result "1-0"]
[Round "05"]
[TimeControl "180+1"]
[Date "2022.09.13"]
[WhiteClock "0:00:06"]
[BlackClock "0:00:38"]

1. e4 c5 2. Nf3 d6 3. d4 Nf6 4. Nc3 cxd4 5. Nxd4 a6 6. Bg5 Nbd7 7. f4 Qc7 8. Qf3 b5 9. O-O-O Bb7 10. Bd3 e6 11. Rhe1 Be7 12. Qg3 Nc5 13. e5 dxe5 14. fxe5 Nh5 15. Qh4 g6 16. g4 Nxd3+ 17. cxd3 Nf4 18. Bxe7 Qxe7 19. Qf2 Nd5 20. Ne4 O-O 21. Kb1 Rac8 22. Nf6+ Nxf6 23. exf6 Qc5 24. Qf4 Rfd8 25. Nb3 Qd6 26. Qh6 Qf8 27. Qh4 Bd5 28. Re3 Bxb3 29. axb3 Rd5 30. Rh3 h5 31. gxh5 Rxh5 32. Qxh5 gxh5 33. Rg1+ Kh7 34. Rxh5+ Qh6 35. Rg7+ Kh8 36. Rxh6# 1-0


[Site "https://www.chess.com"]

[Event "Titled Tuesday Blitz September 13 Early 2022"]
[White "Postny, Evgeny"]
[Black "Grandelius, Nils"]
[WhiteFideId "2804344"]
[BlackFideId "1710400"]
[WhiteElo "2456"]
[BlackElo "2617"]
[Result "0-1"]
[Round "05"]
[TimeControl "180+1"]
[Date "2022.09.13"]
[WhiteClock "0:00:02"]
[BlackClock "0:00:10"]

1. e4 c5 2. Nf3 Nc6 3. Bb5 d6 4. O-O Bd7 5. Re1 Nf6 6. c3 a6 7. Bf1 Bg4 8. d3 e6 9. a4 Be7 10. Na3 O-O 11. Nc2 d5 12. exd5 Nxd5 13. Bd2 Qc7 14. Ne3 Nxe3 15. Rxe3 Rad8 16. Qc2 Bf5 17. Rae1 c4 18. Bc1 Bc5 19. Nd4 Nxd4 20. cxd4 Bxd4 21. Rg3 Qc5 22. Be3 b5 23. axb5 axb5 24. Qc1 Bxe3 25. Rgxe3 Rd4 26. dxc4 bxc4 27. Rc3 Rfd8 28. Rxc4 Rxc4 29. Qxc4 Qb6 30. Qc3 h5 31. b4 Rb8 32. b5 Ra8 33. Qc6 Qxc6 34. bxc6 Rc8 35. Rc1 Rc7 36. g3 Be4 37. Bb5 Kf8 38. f4 Ke7 39. Kf2 Kd6 40. Rd1+ Bd5 41. Ke3 Kc5 42. Be2 Ra7 43. Rc1+ Kd6 44. Bxh5 Bxc6 45. Rd1+ Bd5 46. Rd2 f6 47. Kf2 Ra3 48. Be2 g5 49. Bd1 gxf4 50. gxf4 Rh3 51. Kg1 Rh4 52. Rf2 Kc5 53. Be2 Kd4 54. Bf1 Ke3 55. f5 e5 56. Re2+ Kf4 57. Rf2+ Kg5 58. h3 Be4 59. Kh2 Bxf5 60. Kg3 Rb4 61. Bg2 Rb3+ 62. Kh2 e4 63. Re2 Bg6 64. Bh1 f5 65. Rg2+ Kf6 66. h4 Rc3 67. Rf2 Ke5 68. Rg2 Bh5 69. Rg5 Bg4 70. h5 Rh3+ 71. Kg2 Rxh5 72. Rg8 Bf3+ 73. Kf2 Rxh1 74. Re8+ Kf4 75. Rf8 Rh2+ 76. Kg1 Rh1+ 77. Kf2 e3# 0-1


[Site "https://www.chess.com"]

[Event "Titled Tuesday Blitz September 13 Early 2022"]
[White "Pultinevicius, Paulius"]
[Black "Melikyan, Gnel"]
[WhiteFideId "12809390"]
[BlackFideId "54109990"]
[WhiteElo "2472"]
[BlackElo "1772"]
[Result "1-0"]
[Round "05"]
[TimeControl "180+1"]
[Date "2022.09.13"]
[WhiteClock "0:02:11"]
[BlackClock "0:00:34"]

1. d4 Nf6 2. c4 g6 3. Nc3 Bg7 4. e4 d6 5. Nf3 O-O 6. h3 e5 7. dxe5 dxe5 8. Qxd8 Rxd8 9. Bg5 Re8 10. O-O-O Nc6 11. Nb5 Re7 12. Nc3 Be6 13. Nd5 Bxd5 14. cxd5 Nxe4 15. dxc6 Nxg5 16. cxb7 Rb8 17. Nxg5 Bh6 18. h4 f6 19. Bc4+ Kg7 20. f4 exf4 21. Ne6+ Kf7 22. Rd8 f3+ 23. Kb1 fxg2 24. Rg1 Re8 25. Nxc7+ 1-0


[Site "https://www.chess.com"]

[Event "Titled Tuesday Blitz September 13 Early 2022"]
[White "Rosen, Eric"]
[Black "Movahed, Sina"]
[WhiteFideId "2032562"]
[BlackFideId "42520835"]
[WhiteElo "2362"]
[BlackElo "2117"]
[Result "0-1"]
[Round "05"]
[TimeControl "180+1"]
[Date "2022.09.13"]
[WhiteClock "0:00:02"]
[BlackClock "0:00:12"]

1. d4 Nf6 2. Bf4 c5 3. e3 g6 4. c3 Bg7 5. dxc5 O-O 6. Nd2 Nh5 7. Bg5 h6 8. Bh4 Nc6 9. Be2 Nf6 10. Ngf3 b6 11. cxb6 Qxb6 12. Nc4 Qc7 13. Bg3 d6 14. O-O Bb7 15. Qa4 Rfc8 16. Rfd1 Ne4 17. Rac1 Rab8 18. Ncd2 Nxg3 19. hxg3 Ba8 20. b3 e6 21. g4 Ne7 22. g5 h5 23. Ne4 Bxe4 24. Qxe4 Bxc3 25. Ba6 Rd8 26. Qd3 Nd5 27. a3 Qa5 28. Bc4 Bb2 29. Rb1 Bxa3 30. Bxd5 Qxd5 31. Qxd5 exd5 32. Rxd5 Bc5 33. Nd2 Rb4 34. Kf1 Rdb8 35. Ke2 a5 36. Ra1 R8b5 37. Kd3 Kf8 38. f4 Ke7 39. g3 Ke6 40. e4 Kd7 41. Ra2 Kc6 42. Kc3 Rxe4 43. Nxe4 Kxd5 44. Nf6+ Kc6 45. Re2 Bb4+ 46. Kd3 Rc5 47. Re7 Rc3+ 48. Kd4 Rxg3 49. Nd5 Bc5+ 50. Kc4 Bb6 51. Nxb6 Kxb6 52. Rxf7 Rf3 53. Rf6 Kc6 54. Kd4 h4 55. Ke4 Rxb3 56. Rxg6 h3 57. Rh6 a4 58. g6 Rg3 59. f5 a3 60. g7 Rxg7 61. Rxh3 Ra7 62. f6 a2 63. f7 a1=Q 0-1


[Site "https://www.chess.com"]

[Event "Titled Tuesday Blitz September 13 Early 2022"]
[White "Rustemov, Alexander"]
[Black "Lin, Dachey"]
[WhiteFideId "4119002"]
[BlackFideId "2029650"]
[WhiteElo "2864"]
[BlackElo "2313"]
[Result "1-0"]
[Round "05"]
[TimeControl "180+1"]
[Date "2022.09.13"]
[WhiteClock "0:00:31"]
[BlackClock "0:00:12"]

1. d4 g6 2. c4 Bg7 3. Nf3 c5 4. d5 d6 5. e4 Nf6 6. Nc3 O-O 7. h3 e6 8. Bd3 exd5 9. cxd5 b5 10. Bxb5 Nxe4 11. Nxe4 Qa5+ 12. Nfd2 Qxb5 13. Nxd6 Qa6 14. N2c4 Nd7 15. O-O Ne5 16. Nxe5 Qxd6 17. Nc6 Bb7 18. Qf3 Rfc8 19. Bf4 Qd7 20. Rac1 Bxc6 21. dxc6 Qxc6 22. Qxc6 Rxc6 23. b3 Bd4 24. Rfe1 a5 25. Rc4 Rf6 26. Be3 Re8 27. Rc2 Rfe6 28. Rce2 f5 29. Kf1 Bc3 30. Bd2 Rxe2 31. Rxe2 Rxe2 32. Kxe2 Bb4 33. Be3 Kf7 34. Kd3 Ke6 35. Kc4 Kd6 36. Kb5 Kd5 37. f3 h5 38. Bg5 Kd4 39. Bd8 Kc3 40. Bxa5 Kb2 41. Bxb4 1-0


[Site "https://www.chess.com"]

[Event "Titled Tuesday Blitz September 13 Early 2022"]
[White "Sadhwani, Raunak"]
[Black "Harvey, Marcus R"]
[WhiteFideId "35093487"]
[BlackFideId "400092"]
[WhiteElo "2656"]
[BlackElo "2485"]
[Result "1-0"]
[Round "05"]
[TimeControl "180+1"]
[Date "2022.09.13"]
[WhiteClock "0:01:45"]
[BlackClock "0:00:17"]

1. e4 e5 2. Nf3 Nc6 3. Bc4 Bc5 4. O-O Nf6 5. d3 O-O 6. Re1 a5 7. c3 d6 8. h3 h6 9. Nbd2 Be6 10. Bb5 Qb8 11. Nf1 Qa7 12. Be3 Bxe3 13. Nxe3 Ne7 14. Bc4 Bxc4 15. Nxc4 a4 16. d4 exd4 17. cxd4 d5 18. e5 Ne4 19. Ncd2 Nxd2 20. Qxd2 Qa5 21. Qf4 Ra6 22. Rac1 Re6 23. Qg4 Ra8 24. Kh2 Raa6 25. Nh4 Qd2 26. f4 Qxd4 27. Rxc7 Rac6 28. Rxe7 h5 29. Qg3 1-0


[Site "https://www.chess.com"]

[Event "Titled Tuesday Blitz September 13 Early 2022"]
[White "Samsonkin, Artiom"]
[Black "Dubov, Daniil"]
[WhiteFideId "13503111"]
[BlackFideId "24126055"]
[WhiteElo "2524"]
[BlackElo "2791"]
[Result "0-1"]
[Round "05"]
[TimeControl "180+1"]
[Date "2022.09.13"]
[WhiteClock "0:00:02"]
[BlackClock "0:01:09"]

1. e4 c5 2. Nf3 d6 3. d4 cxd4 4. Qxd4 Nc6 5. Bb5 Bd7 6. Bxc6 Bxc6 7. Nc3 h6 8. Be3 e5 9. Qd3 Nf6 10. h3 Be7 11. O-O b5 12. a3 O-O 13. Rad1 a5 14. Nh4 b4 15. axb4 axb4 16. Nd5 Nxd5 17. exd5 Bb7 18. Nf5 Ba6 19. Qe4 Bxf1 20. Qg4 Bg5 21. h4 Be2 22. Qxe2 Bxe3 23. fxe3 g6 24. Nxh6+ Kg7 25. Ng4 Qxh4 26. Rf1 f5 27. Nf2 Rac8 28. Qb5 Rf7 29. e4 Rxc2 0-1


[Site "https://www.chess.com"]

[Event "Titled Tuesday Blitz September 13 Early 2022"]
[White "Seo, Jung Min"]
[Black "Oparin, Grigoriy"]
[WhiteFideId "1734687"]
[BlackFideId "24125890"]
[WhiteElo "2455"]
[BlackElo "2639"]
[Result "0-1"]
[Round "05"]
[TimeControl "180+1"]
[Date "2022.09.13"]
[WhiteClock "0:00:08"]
[BlackClock "0:00:09"]

1. e4 d5 2. exd5 Qxd5 3. Nc3 Qd6 4. d4 Nf6 5. Nf3 Bg4 6. Be2 e6 7. h3 Bxf3 8. Bxf3 Nc6 9. O-O O-O-O 10. Nb5 Qb4 11. Bxc6 bxc6 12. Nc3 Qxd4 13. Qf3 Qc4 14. b3 Qa6 15. Bg5 Be7 16. Ne4 Nxe4 17. Bxe7 Rd7 18. Qxe4 Rxe7 19. Rfd1 Qb5 20. c4 Qb6 21. Rd3 Kb7 22. Rad1 Qc5 23. b4 Qf5 24. Qd4 f6 25. Ra3 Ra8 26. Ra5 e5 27. Qc5 Rd7 28. Re1 Rd6 29. a4 Qd3 30. b5 Qd4 31. bxc6+ Rxc6 32. Rb5+ Rb6 33. Qb4 a5 34. Qb3 Rd8 35. c5 Qxc5 36. Rxc5 Rxb3 37. Rxa5 Kb6 0-1


[Site "https://www.chess.com"]

[Event "Titled Tuesday Blitz September 13 Early 2022"]
[White "Sorkin, Igor"]
[Black "Acor, Corey"]
[WhiteFideId "2803283"]
[BlackFideId "2024861"]
[WhiteElo "2401"]
[BlackElo "2340"]
[Result "1/2-1/2"]
[Round "05"]
[TimeControl "180+1"]
[Date "2022.09.13"]
[WhiteClock "0:00:11"]
[BlackClock "0:00:11"]

1. c4 e5 2. d3 Nc6 3. Nf3 g6 4. g3 Bg7 5. Bg2 d6 6. O-O h6 7. Nc3 Be6 8. Rb1 f5 9. Ne1 Nf6 10. b4 d5 11. cxd5 Nxd5 12. Bd2 O-O 13. b5 Nce7 14. Qc2 Rc8 15. Nxd5 Nxd5 16. Nf3 g5 17. Rfc1 e4 18. dxe4 fxe4 19. Qxe4 Bf5 20. Qc4 Bxb1 21. Nxg5 hxg5 22. Bxd5+ Kh8 23. Rxb1 c6 24. bxc6 bxc6 25. Be6 Qxd2 26. Bxc8 Rxc8 27. Rb7 Rf8 28. Kg2 a5 29. Qg4 Qd5+ 30. Kh3 Qf5 31. f3 Qxg4+ 32. Kxg4 Re8 33. e4 Re5 34. Rc7 Rc5 35. f4 gxf4 36. gxf4 Rc2 37. h4 c5 38. e5 Kg8 39. Kf5 Rxa2 40. Rxc5 Bf8 41. Rc8 a4 42. e6 Kg7 43. Rc7+ Kh6 44. e7 Bxe7 45. Rxe7 a3 46. Ra7 Rh2 47. Rxa3 Rxh4 48. Ra8 Kh7 49. Ra7+ Kg8 50. Kg5 Rh1 51. Ra8+ Kf7 52. Ra7+ Kf8 53. Ra8+ Kf7 54. Ra7+ Kf8 55. Ra8+ Kf7 1/2-1/2


[Site "https://www.chess.com"]

[Event "Titled Tuesday Blitz September 13 Early 2022"]
[White "Sychev, Klementy"]
[Black "Zhigalko, Sergei"]
[WhiteFideId "4114060"]
[BlackFideId "13502956"]
[WhiteElo "2564"]
[BlackElo "2662"]
[Result "0-1"]
[Round "05"]
[TimeControl "180+1"]
[Date "2022.09.13"]
[WhiteClock "0:00:03"]
[BlackClock "0:00:08"]

1. d4 Nf6 2. c4 e6 3. Nc3 Bb4 4. Bf4 O-O 5. Qb3 a5 6. a3 Bxc3+ 7. Qxc3 d6 8. f3 Nh5 9. Bg3 Nc6 10. Bf2 e5 11. d5 Ne7 12. g4 Nf6 13. e4 Nd7 14. Ne2 Nc5 15. Ng3 Ng6 16. h4 Re8 17. O-O-O Nf4 18. Kb1 Ra6 19. Nf5 a4 20. Be3 Bxf5 21. gxf5 Rb6 22. Qc2 Rb3 23. Bc1 c6 24. Ka2 Rxf3 25. dxc6 bxc6 26. h5 h6 27. Rg1 Kf8 28. Bg2 Rg3 29. Bh1 Rxg1 30. Rxg1 Qb6 31. Rg3 Qb3+ 32. Rxb3 axb3+ 33. Qxb3 Nxb3 34. Kxb3 Nd3 35. Be3 Rb8+ 36. Kc3 Nxb2 37. Bf3 Na4+ 38. Kc2 Rb2+ 39. Kc1 Rb3 40. Kd2 Rxa3 0-1


[Site "https://www.chess.com"]